 Dungeon Crawl Stone Soup version 0.25-a0-822-g6581751b11 (webtiles) character file.

Game seed: 8944925268489741720, levelgen mode: deterministic

400 Flugkiller the Magician (level 6, -5/41 HPs)
             Began as a Mummy Air Elementalist on Apr 20, 2020.
             Slain by a killer bee (9 damage)
             ... on level 7 of the Dungeon.
             The game lasted 00:08:21 (4493 turns).

Flugkiller the Magician (Mummy Air Elementalist)    Turns: 4493, Time: 00:08:21

Health: -5/41      AC:  3    Str: 12    XL:     6   Next: 54%
Magic:  12/13      EV: 12    Int: 16    God:
Gold:   221        SH:  0    Dex: 12    Spells: 9/15 levels left

rFire    . . .     SeeInvis .   e - +0 dagger (elec)
rCold    . . .     Gourm    .   (no shield)
rNeg     + + +     Faith    .   a - +0 robe
rPois    ∞         Spirit   .   (no helmet)
rElec    .         Reflect  .   (no cloak)
rCorr    .         Harm     .   (no gloves)
MR       .....                  f - +0 pair of boots
Stlth    ++........             (no amulet)
HPRegen  0.13/turn              c - ring of fire
MPRegen  0.13/turn              (no ring)

@: about to teleport
A: no food or potions, fire vulnerability, cold resistance 1, negative energy
resistance 3, torment resistance, unbreathing
a: no special abilities


You were on level 7 of the Dungeon.
You were not hungry.

You visited 1 branch of the dungeon, and saw 5 of its levels.

You collected 221 gold pieces.

Inventory:

Hand Weapons
 e - a +0 dagger of electrocution (weapon)
   (You took it off a kobold on level 1 of the Dungeon)
 i - a +1 whip of electrocution
   (You took it off Robin on level 2 of the Dungeon)
Missiles
 m - 3 curare-tipped darts (quivered)
Armour
 a - a +0 robe (worn)
 f - a +0 pair of boots (worn)
   (You found it on level 1 of the Dungeon)
 j - a +0 helmet
   (You took it off Robin on level 2 of the Dungeon)
Jewellery
 c - a ring of fire (left hand)
   (You found it on level 4 of the Dungeon)
Wands
 n - a wand of polymorph (10)
   (You found it on level 3 of the Dungeon)
Scrolls
 b - a scroll of remove curse
 d - a scroll of magic mapping
 h - a scroll of identify
 o - a scroll of enchant armour


   Skills:
 - Level 1.5 Dodging
 - Level 1.5 Stealth
 - Level 5.0 Spellcasting
 + Level 3.0 Conjurations
 + Level 4.4 Air Magic


You had 9 spell levels left.
You knew the following spells:

 Your Spells              Type           Power        Failure   Level  Hunger
a - Shock                 Conj/Air       ###.         3%          1    N/A
b - Swiftness             Chrm/Air       ##......     10%         2    N/A
c - Static Discharge      Conj/Air       ###.....     10%         3    N/A

Your spell library contained the following spells:

 Spells                   Type           Power        Failure   Level  Hunger
 Airstrike                Air            ###.......   24%         4    N/A
 Lightning Bolt           Conj/Air       ###.......   67%         5    N/A

Dungeon Overview and Level Annotations

Branches:
Dungeon (4/15)
 Temple: D:4-7

Altars:
Trog


Innate Abilities, Weirdness & Mutations

You do not eat or drink.
Your flesh is vulnerable to fire.
You are immune to poison.
Your flesh is cold resistant. (rC+)
You are immune to negative energy. (rN+++)
You are immune to unholy pain and torment.
You can survive without breathing.


Message History

Found a plate armour. 2 killer bees come into view.
The killer bee buzzes angrily.
A killer bee comes into view. x3
The killer bee buzzes angrily. x2
A killer bee comes into view.
The killer bee buzzes angrily. x2
You see here a plate armour.
The killer bee misses you.
The killer bee stings you but does no damage.
The ice beast hits you. The ice beast freezes you!
* * * LOW HITPOINT WARNING * * *
The killer bee stings you.
* * * LOW HITPOINT WARNING * * *
The killer bee barely misses you.
Unknown command.
As you read the scroll of fear, it crumbles to dust.
You assume a fearsome visage.
The killer bee looks frightened! x4
Unknown command.
As you read the scroll of teleportation, it crumbles to dust.
You feel strangely unstable. The killer bee misses you.
The ice beast closely misses you. The killer bee barely misses you.
Unknown command.
Cornered, the killer bee turns to fight!
The killer bee stings you but does no damage.
Unknown command.
The killer bee barely misses you.
Unknown command.
Your surroundings suddenly seem different.
The leopard gecko hisses angrily.
Evoke which item? (* to show all) (? for menu, Esc to quit)
Okay, then.
The killer bee buzzes angrily.
The killer bee buzzes angrily.
Casting: Shock (safe; 3% risk of failure)
Confirm with . or Enter, or press ? or * to list all spells.
Aiming: Shock (safe; 3% risk of failure)
Press: ? - help, Shift-Dir - straight line The zap hits the killer bee but does no damage.
The zap misses the killer bee.
The killer bee barely misses you.
As you read the scroll of teleportation, it crumbles to dust.
You feel strangely unstable. The killer bee barely misses you. x2
Unknown command.
The killer bee stings you.
* * * LOW HITPOINT WARNING * * *
The killer bee stings you.
* * * LOW HITPOINT WARNING * * *
The killer bee barely misses you. The killer bee stings you!
You die...

#..........###..
#..........###..
#.........###..# .
##........## #... ..
#...y....## ##.## ...#
###l..###..###.... .....
#...#####.###..#..
......##yy###...###..#..
#...@y...#....#...###
#...#.......##.....# ##.
##.......#..Y#..# #
#.....#..##.....#
##....#...#....... ....
#.....#........... ....
.................. .....
..........##...#..
####..... .... .....#
..##..


You could see 4 killer bees and a leopard gecko.

Vanquished Creatures
  A bullfrog (D:7)
  A howler monkey (D:4)
  A bullfrog skeleton (D:4)
  Natasha (D:3)
  2 worker ants (D:4)
  A hound skeleton (D:4)
  Robin (D:2)
  2 adders
  4 gnolls
  An ooze (D:1)
  2 worms (D:2)
  4 dart slugs
  2 leopard geckos
  2 orcs
  A ball python (D:1)
  3 giant cockroaches
  14 goblins
  6 hobgoblins
  9 jackals
  9 bats
  5 frilled lizards
  A jackal skeleton (D:3)
  14 kobolds
  6 rats
93 creatures vanquished.

Notes
Turn   | Place    | Note
-------+----------+-------------------------------------------
     0 | D:1      | Flugkiller the Mummy Air Elementalist began the quest for
                  | the Orb.
     0 | D:1      | Reached XP level 1. HP: 13/13 MP: 4/4
   394 | D:1      | Reached skill level 3 in Spellcasting
   581 | D:1      | Reached XP level 2. HP: 9/19 MP: 0/6
  1071 | D:1      | Reached XP level 3. HP: 24/24 MP: 2/8
  1782 | D:2      | Reached skill level 4 in Spellcasting
  1945 | D:2      | Learned a level 2 spell: Swiftness
  1949 | D:2      | Learned a level 3 spell: Static Discharge
  2381 | D:2      | Reached XP level 4. HP: 30/30 MP: 7/10
  2398 | D:2      | Reached skill level 1 in Conjurations
  2440 | D:2      | Noticed Robin
  2450 | D:2      | Killed Robin
  2656 | D:2      | Found a bloodstained altar of Trog.
  3444 | D:3      | Reached XP level 5. HP: 33/35 MP: 4/12
  3569 | D:3      | Noticed Natasha
  3580 | D:3      | Killed Natasha
  3826 | D:4      | Reached skill level 5 in Spellcasting
  4095 | D:4      | Reached XP level 6. HP: 41/41 MP: 7/13
  4385 | D:4      | You fall into a shaft and drop 3 floors!
  4425 | D:7      | Noticed an ice beast
  4493 | D:7      | Slain by a killer bee

Levels and vault maps discovered:
D:1:      dpeg_arrival_signposts, layout_loops_ring, minmay_hexomino_u4
D:2:      layout_basic, bloody_trog, uniq_robin
D:3:      layout_rooms, kennysheep_donut, uniq_natasha
D:4:      layout_loops_cross, first_ration
D:7:      layout_cave_pools, gammafunk_temple_overflow_elements, grunt_livestock

Skill      XL: |  1  2  3  4  5  6 |
---------------+-------------------+-----
Spellcasting   | 3 4 5 |  5.0
Air Magic      | 3 4 |  4.4
Conjurations   | 1 2 3 |  3.0
Dodging        | |  1.5
Stealth        | |  1.5

Action                   |  1- 3 |  4- 6 || total
-------------------------+-------+-------++-------
Melee: Unarmed           |    17 |       ||    17
       Dagger            |     7 |    16 ||    23
 Cast: Shock             |   103 |   149 ||   252
  Use: Scroll            |       |    12 ||    12
Armor: Robe              |    17 |    16 ||    33
Dodge: Dodged            |    42 |    46 ||    88

Table legend:
 A = Non-vault XP
 B = Vault XP
 C = Vault XP percentage of total XP
 D = Non-vault monster count
 E = Vault monster count
 F = Vault count percentage of total count
                 A         B        C        D         E       F
            +---------+---------+-------+---------+---------+-------
      Total |     495 |      77 |  13.5 |      77 |      16 |  17.2
            +---------+---------+-------+---------+---------+-------
        D:1 |      62 |       8 |  11.4 |      23 |       4 |  14.8
        D:2 |      64 |      34 |  34.7 |      28 |      11 |  28.2
        D:3 |      40 |      35 |  46.7 |      16 |       1 |   5.9
        D:4 |     236 |       0 |   0.0 |       9 |       0 |   0.0
        D:7 |      93 |       0 |   0.0 |       1 |       0 |   0.0
            +---------+---------+-------+---------+---------+-------
